Map: Simulacrum LE

Players

JohnnyV

  • Race: Terran Terran
  • Spawn Location: 11:00

fightingkhan - Winner!

  • Race: Terran Terran
  • Spawn Location: 5:00

VOD

Have the link to the VOD?

Description

Time

  • Played on: April 29, 2020, 10:55 a.m.
  • Length: 14:28
Show
View Real Time Build Order
Export as new Build Order

JohnnyV Terran 

Build Orders:  

Get SALT Encoding   

  12  0:03  SCV  
  13  0:16  SCV  
  13  0:19  Supply Depot  
  14  0:28  SCV  
  15  0:41  SCV  
  16  0:43  Barracks  
  16  0:53  SCV  
  17  1:01  Refinery  
  17  1:05  SCV, Refinery  
  18  1:17  SCV  
  20  1:34  Orbital Command  
  20  1:35  Marine  
  20  1:39  Bunker  
  20  1:57  Factory  
  20  2:00  Marine  
  21  2:15  Supply Depot  
  21  2:18  Marine  
  22  2:28  SCV  
  22  2:36  Marine  
  23  2:41  Widow Mine  
  25  2:51  Starport  
  25  2:54  Supply Depot  
  25  2:55  SCV  
  25  2:58  Marine  
  29  3:13  Widow Mine  
  29  3:16  Barracks Reactor  
  29  3:28  Command Center  
  29  3:29  SCV  
  30  3:35  Medivac  
  30  3:41  SCV  
  33  3:44  Widow Mine  
  35  3:54  Marine x2  
  37  4:07  Engineering Bay  
  37  4:09  Widow Mine  
  39  4:31  Starport Tech Lab  
  39  4:36  Factory Tech Lab  
  39  4:39  Factory Reactor, Marine x2  
  39  4:44  Fusion Core  
  41  4:47  Supply Depot  
  41  4:49  Supply Depot  
  41  4:50  SCV  
  42  4:53  Missile Turret  
  42  4:56  SCV  
  40  5:43  Widow Mine x2  
  40  5:44  Battlecruiser  
  40  5:46  Terran Infantry Armor Level 1  
  40  5:47  Marine x2  
  48  5:51  Orbital Command  
  48  5:53  SCV  
  49  6:05  SCV  
  49  6:07  Armory  
  50  6:20  SCV  
  51  6:27  Missile Turret  
  51  6:30  Refinery  
  55  6:32  Widow Mine  
  55  6:33  Widow Mine, Marine x2  
  57  6:44  SCV  
  57  6:46  SCV  
  59  6:56  SCV  
  59  6:58  SCV  
  55  7:12  Battlecruiser  
  59  7:31  SCV  
  59  7:32  SCV, Missile Turret, Marine  
  59  7:33  Marine  
  59  7:36  Widow Mine x2  
  67  7:38  Weapon Refit  
  67  7:40  Terran Infantry Weapons Level 1  
  67  7:45  Terran Ship Weapons Level 1  
  67  7:46  Barracks  
  67  7:50  Marine  
  68  8:02  Refinery  
  68  8:04  SCV x2  
  70  8:23  Supply Depot  
  70  8:28  Supply Depot  
  70  8:41  Missile Turret  
  70  8:44  Battlecruiser  
  72  8:59  Marine x2  
  72  9:02  Widow Mine x2  
  76  9:17  Marine  
  75  10:16  Marine x2  
  71  10:34  Marine x2  
  71  10:52  Marine x2  
  69  11:01  Barracks Reactor  
  69  11:06  Viking x2  
  73  11:11  Terran Infantry Armor Level 2  
  73  11:14  Terran Vehicle And Ship Armor Level 1  
  73  11:28  SCV x2  
  73  11:31  Siege Tank  
  73  11:32  Marine x2  
  76  11:40  SCV  
  73  11:59  Marine x2  
  75  12:01  Viking  
  75  12:02  Viking  
  75  12:03  Siege Tank  
  82  12:17  Marine  
  82  12:22  Marine  
  84  12:31  Viking  
  84  12:35  Viking, Marine, Siege Tank  
  82  12:40  Marine  
  82  12:43  Supply Depot  
  83  12:48  Barracks  
  83  12:49  Marine x2  
  83  12:50  Barracks  
  83  12:51  Barracks  
  85  12:53  Marine  
  86  13:02  Engineering Bay  
  86  13:04  Armory  
  86  13:07  Missile Turret  
  86  13:24  Command Center  
  86  13:25  Marine x3  
  89  13:28  Sensor Tower  
Show
View Real Time Build Order
Export as new Build Order

fightingkhan Terran - Winner!

Build Orders: Mech 

Get SALT Encoding   

  12  0:01  SCV  
  13  0:13  SCV  
  14  0:23  Supply Depot  
  14  0:25  SCV  
  15  0:45  Barracks  
  15  0:48  SCV  
  16  0:50  Refinery  
  16  1:00  SCV  
  17  1:12  SCV  
  18  1:25  SCV  
  19  1:36  Command Center  
  19  1:37  SCV  
  20  1:45  Reaper  
  21  1:49  Orbital Command  
  21  2:09  Refinery  
  21  2:23  Factory  
  21  2:30  SCV  
  22  2:38  Barracks Tech Lab  
  22  2:42  SCV  
  23  2:54  SCV  
  24  3:06  SCV  
  24  3:12  Starport  
  24  3:14  Orbital Command  
  24  3:17  Barracks Reactor  
  24  3:19  SCV  
  25  3:25  Armory  
  25  3:31  SCV  
  26  3:41  Cyclone  
  26  3:43  SCV  
  26  3:44  SCV  
  31  3:55  SCV  
  32  3:57  SCV  
  33  4:06  Starport Tech Lab  
  33  4:07  SCV  
  33  4:09  SCV  
  35  4:10  Factory  
  35  4:19  SCV  
  35  4:21  SCV, Engineering Bay  
  37  4:29  Hellion  
  39  4:31  SCV  
  39  4:32  Supply Depot x2  
  39  4:33  SCV, Supply Depot  
  39  4:36  Terran Vehicle Weapons Level 1  
  41  4:40  Banshee  
  41  4:45  SCV x2, Refinery  
  45  4:48  Refinery  
  46  4:54  Hellion  
  46  4:56  Supply Depot  
  46  4:57  SCV  
  46  4:58  SCV, Supply Depot  
  50  5:03  Mag-Field Accelerator  
  46  5:26  SCV  
  44  5:39  Cloaking Field  
  44  5:44  Widow Mine x2  
  44  5:45  SCV x2  
  44  5:47  Starport  
  50  5:57  SCV  
  50  5:58  SCV  
  55  6:10  SCV x2  
  57  6:14  Cyclone  
  57  6:16  Hellion x2  
  64  6:22  SCV x2  
  64  6:25  Factory  
  66  6:29  Starport Tech Lab  
  66  6:32  Banshee  
  66  6:33  Starport Reactor  
  66  6:34  SCV  
  67  6:48  SCV x2  
  69  7:00  SCV x2  
  69  7:01  Command Center  
  66  7:12  SCV x2  
  68  7:20  Factory Reactor  
  68  7:21  Hellion, Siege Tank  
  68  7:22  Widow Mine  
  75  7:24  SCV x2  
  74  7:36  SCV x2  
  76  7:43  Hellion, Widow Mine  
  80  7:48  SCV x2  
  82  7:52  Supply Depot x3  
  82  7:53  Supply Depot, Siege Tank  
  85  8:00  SCV  
  85  8:02  Factory  
  86  8:12  SCV, Liberator  
  90  8:16  Supply Depot  
  90  8:18  Supply Depot  
  90  8:27  Supply Depot  
  90  8:35  Viking x2  
  90  8:36  Siege Tank  
  90  8:37  Hellion x2, Widow Mine x2  
  99  9:02  Hellion x2, Widow Mine x2  
  107  9:04  Factory Tech Lab  
  107  9:08  Siege Tank  
  110  9:11  Refinery  
  110  9:13  Refinery  
  110  9:16  Orbital Command  
  110  9:22  Viking  
  110  9:23  Viking  
  112  9:24  SCV  
  107  9:47  Armory  
  107  9:53  SCV  
  107  9:54  SCV  
  109  10:00  Supply Depot  
  109  10:03  Supply Depot  
  109  10:10  Sensor Tower  
  103  10:20  Drilling Claws  
  89  10:30  SCV x3  
  86  10:40  Viking x2  
  86  10:42  SCV x2  
  90  10:43  SCV  
  91  10:53  Siege Tank x2  
  91  10:54  SCV, Hellion x2, Widow Mine x2  
  91  10:55  SCV x2  
  108  11:06  SCV  
  108  11:07  SCV x2  
  108  11:08  Terran Vehicle Weapons Level 2  
  111  11:15  Hellion, Widow Mine  
  111  11:16  Hellion x2  
  119  11:18  SCV  
  119  11:19  SCV x2, Terran Vehicle And Ship Armor Level 1  
  125  11:25  Siege Tank  
  125  11:26  Hellion  
  125  11:30  SCV  
  125  11:31  SCV  
  129  11:37  Hellion x2  
  129  11:39  Command Center  
  133  11:43  Infernal Pre-Igniter  
  125  12:04  Viking x2  
  125  12:06  Hellion, Siege Tank  
  125  12:07  Widow Mine x2  
  132  12:30  Starport  
  130  12:40  Siege Tank  
  130  12:41  Hellion x2, Widow Mine, Siege Tank  
  130  12:42  Widow Mine  
  144  13:02  Hellion, Widow Mine  
  144  13:03  Widow Mine  
  150  13:11  Hellion  
  152  13:12  Siege Tank  
  152  13:13  Siege Tank  
  158  13:23  Widow Mine  
  158  13:24  Hellion, Widow Mine  
  140  13:52  Hellion, Widow Mine, Siege Tank x2  
Tags
 
Composition
Mech
Matchup
TvT
Race
Terran
Spawn Locations
Cross Positions
Add a new tag
Caveats
  • Supply blocks, unpowered buildings, or Contaminate may cause inaccurate times.
  • Supply counts are checked every 10 seconds.